 Dungeon Crawl Stone Soup version 0.29.1-2-gbd0b4ee654 (webtiles) character file.

Game seed: 5726860662469315855

25 KittyFluff the Trooper (level 3, -5/24 HPs)
             Began as a Gargoyle Berserker on Oct 31, 2022.
             Was a Follower of Trog.
             Killed from afar by Natasha (7 damage)
             ... with a magic dart
             ... on level 2 of the Dungeon.
             The game lasted 00:04:53 (1370 turns).

KittyFluff the Trooper (Gargoyle Berserker)         Turns: 1370, Time: 00:04:54

Health: -5/24      AC:  6    Str: 20    XL:     3   Next: 6%
Magic:  3/3        EV: 12    Int:  7    God:    Trog [*.....]
Gold:   67         SH:  0    Dex: 11    Spells: 2/2 levels left

rFire   . . .      SeeInvis .   a - +0 mace
rCold   . . .      Faith    .   (no shield)
rNeg    + . .      Spirit   .   j - +1 robe {Will+}
rPois   ∞          Reflect  .   (no helmet)
rElec   +          Harm     .   (no cloak)
rCorr   .          Rampage  .   (no gloves)
Will    +....                   (no boots)
Stlth   +.........              (no amulet)
HPRegen 0.08/turn               (no ring)
MPRegen 0.08/turn               (no ring)

@: no status effects
A: sickness immunity, AC +3, negative energy resistance 1, electricity
resistance, torment resistance 1, petrification resistance
a: Renounce Religion, Berserk


You were on level 2 of the Dungeon.
You worshipped Trog.
Trog was aware of your devotion.
You visited 1 branch of the dungeon, and saw 2 of its levels.

You collected 67 gold pieces.

Inventory:

Hand Weapons
 a - a +0 mace (weapon)
Armour
 i - a +0 leather armour
 j - a +1 robe of willpower (worn)
Scrolls
 c - 2 scrolls of fog {unknown}
 e - a scroll of noise {unknown}
 f - a scroll of poison {unknown}
 h - a scroll of identify {unknown}
Potions
 d - a potion of attraction {unknown}
 g - a potion of ambrosia {unknown}


   Skills:
 + Level 3.6 Fighting
 + Level 3.3 Maces & Flails
 * Level 2.6 Armour
 + Level 1.9 Dodging


You had 2 spell levels left.
You didn't know any spells.
Your spell library was empty.

Dungeon Overview and Level Annotations

Branches:
Dungeon (2/15)

Altars:

Annotations:
D:2 Natasha


Innate Abilities, Weirdness & Mutations

You are immune to sickness and miasma.
Your stone body is resilient. (AC +3)
You are immune to poison.
You resist negative energy. (rN+)
You are resistant to electric shocks. (rElec)
You are resistant to unholy torment.
You are immune to petrification.


Message History

A kobold comes into view.
It is wielding a +0 dagger of electrocution.
The kobold shouts!
You hear an angry hiss.
Natasha, Servant of Life and Death comes into view.
Natasha hisses angrily.
Natasha moves out of view.
Found 11 gold pieces.
The kobold completely misses you. Natasha claws you but does no damage.
The kobold hits you but does no damage. Natasha attacks as you move away!
Natasha barely misses you. The kobold misses you.
Natasha attacks as you move away! Natasha claws you.
Natasha casts a spell.
The kobold attacks as you move away! The kobold hits you but does no damage.
You see here a +0 animal skin.
The kobold barely misses you.
Natasha drinks a potion.
Natasha suddenly seems more resistant.
The kobold attacks as you move away! The kobold closely misses you.
You hit the kobold.
You kill the kobold!
Trog accepts your kill.
You barely miss Natasha. Natasha completely misses you.
Natasha casts a spell.
You barely miss Natasha.
Natasha casts a spell.
The iron imp hits you.
You hit Natasha.
Natasha is lightly wounded.
Natasha claws you but does no damage. The iron imp hits you.
You sock Natasha!
Natasha is severely wounded.
Natasha claws you. The iron imp hits you.
You fail to use your ability.
Natasha stares at you and mumbles some strange words.
The magic dart hits you!
* * * LOW HITPOINT WARNING * * *
You hit Natasha.
Natasha is almost dead.
Natasha growls.
Natasha stares at you and mumbles some strange words.
The magic dart hits you!
You die...

#....# +...$#
#.... #...
##.####.. ###
.......>#####
#.# #.......S#
#.# #.##...#h#
#.# #.#5#@# #.#
#.#.#5# #.#
#.#.#.###.#
#.#.......###
#.
#.#.#.......#
.##.#.#.###.#.#
......#.###.#.#
............#.#
###.#.#.#####.#


You could see an iron imp (summoned), Natasha (resistant) and an adder.

Vanquished Creatures
  A dart slug (D:1)
  4 endoplasms
  A giant cockroach (D:1)
  3 goblins (D:1)
  3 kobolds
  A quokka (D:1)
  A ball python (D:1)
  4 bats
  4 frilled lizards (D:1)
  A rat (D:1)
23 creatures vanquished.

Vanquished Creatures (others)
  4 toadstools (D:1)
4 creatures vanquished.

Grand Total: 27 creatures vanquished

Notes
Turn   | Place    | Note
-------+----------+-------------------------------------------
     0 | D:1      | KittyFluff the Gargoyle Berserker began the quest for the
                  | Orb.
     0 | D:1      | Reached XP level 1. HP: 14/14 MP: 1/1
   351 | D:1      | Reached XP level 2. HP: 19/19 MP: 2/2
   370 | D:1      | Found a faded altar of an unknown god.
  1167 | D:2      | Reached XP level 3. HP: 24/24 MP: 3/3
  1356 | D:2      | Noticed Natasha
  1370 | D:2      | Killed from afar by Natasha

Illustrated notes

Levels and vault maps discovered:
D:1:      ldierk_water_garden, layout_loops_ring,
          shapermc_ecumenical_altar_acropolis, minmay_pentomino_x4
D:2:      layout_basic, uniq_terence, uniq_natasha

Action                   || total
-------------------------++-------
Melee: Mace              ||    75
 Stab: Sleeping          ||     1
Armor: Animal skin       ||    38
       Robe              ||     4
Dodge: Dodged            ||    59
